Map: Incorporeal LE

Players

SubN

  • Race: Zerg Zerg
  • League: Master
  • Spawn Location: 11:00

Delta - Winner!

  • Race: Zerg Zerg
  • League: Diamond
  • Spawn Location: 5:00

VOD

Have the link to the VOD?

Description

Time

  • Played on: July 13, 2025, 5:53 p.m.
  • Length: 3:15
Show
View Real Time Build Order
Export as new Build Order

SubN Zerg 

Build Orders: Pool First 

Get SALT Encoding   

  12  0:00  Drone  
  13  0:07  Drone  
  13  0:13  Extractor  
  13  0:29  Spawning Pool  
  12  0:59  Hatchery  
  11  1:15  Queen  
  13  1:26  Overlord  
  13  1:32  Zergling x2  
  14  1:41  Metabolic Boost  
  14  1:47  Zergling x2  
  15  1:51  Zergling x2  
  16  1:57  Zergling x2  
  17  2:01  Zergling x2  
  18  2:11  Zergling x4  
  20  2:26  Queen  
  22  2:34  Zergling x4  
  24  2:43  Zergling x2  
  25  2:45  Zergling x2  
  26  2:51  Zergling x2  
  26  2:53  Zergling x2  
Show
View Real Time Build Order
Export as new Build Order

Delta Zerg - Winner!

Build Orders: Hatch First 

Get SALT Encoding   

  12  0:00  Drone  
  13  0:12  Overlord  
  13  0:18  Drone  
  14  0:32  Drone x2  
  16  0:45  Drone  
  16  0:49  Hatchery  
  16  0:53  Drone  
  17  0:58  Drone  
  18  1:10  Extractor  
  17  1:12  Spawning Pool  
  17  1:15  Drone  
  17  1:19  Drone  
  18  1:28  Drone  
  19  1:43  Drone  
  20  1:52  Drone  
  21  2:01  Queen x2  
  21  2:02  Zergling x4  
  27  2:20  Overlord  
  27  2:22  Spine Crawler  
  26  2:24  Drone x2  
  28  2:38  Hatchery  
  28  2:43  Drone x2  
  29  2:46  Drone  
  29  2:50  Drone x2  
  32  2:56  Overlord  
Tags
 
Add a new tag
Caveats
  • Supply blocks, unpowered buildings, or Contaminate may cause inaccurate times.
  • Supply counts are checked every 10 seconds.